 Dungeon Crawl Stone Soup version 0.29-a0-243-g602b31c20e (webtiles) character file.

Game seed: 14828911648104319132

5572 Rennog the Thaumaturge (level 10, -7/65 HPs)
             Began as an Octopode Fire Elementalist on Mar 5, 2022.
             Was an Initiate of Ashenzari.
             Mangled by Harold
             ... wielding a +0 flail
              (15 damage)
             ... on level 9 of the Dungeon.
             The game lasted 00:20:01 (12419 turns).

Rennog the Thaumaturge (OpFE)                      Turns: 12419, Time: 00:20:02

Health: -7/65      AC:  1    Str:  9      XL:     10   Next: 72%
Magic:  18/22      EV: 15    Int: 13 (17) God:    Ashenzari [......]
Gold:   490        SH:  0    Dex: 16      Spells: 16/26 levels left

rFire   . . .      SeeInvis +   y - +10 whip of Skirmishing {vorpal, rC+ SInv}
rCold   + . .      Faith    .   H - orb {*channel}
rNeg    . . .      Spirit   .   (helmet restricted)
rPois   .          Reflect  .   q - amulet of regeneration
rElec   .          Harm     .   g - ring of flight
rCorr   .          Rampage  .   k - ring of willpower
Will    ++...                   C - ring of willpower
Stlth   +++++.....              (no ring)
HPRegen 1.00/turn               (no ring)
MPRegen 0.18/turn               (no ring)
                                (no ring)
                                (no ring)

@: flying
A: almost no armour, amphibious, 8 rings, camouflage 1, gelatinous body 1,
(nimble swimmer 1), tentacles
a: Renounce Religion, Curse Item


You were on level 9 of the Dungeon.
You worshipped Ashenzari.
Ashenzari was noncommittal.
You visited 2 branches of the dungeon, and saw 10 of its levels.
You also visited: Sewer.

You collected 490 gold pieces.

Inventory:

Hand Weapons
 y - the +10 whip of Skirmishing (weapon) {vorpal, rC+ SInv}
   (You found it on level 5 of the Dungeon)

   It inflicts extra damage upon your enemies.
   rC:        It protects you from cold.
   SInv:      It lets you see invisible.
Missiles
 s - 2 throwing nets
Armour
 H - an orb of energy (worn)
Jewellery
 g - a ring of flight (left tentacle)
 k - a ring of willpower (right tentacle)
 q - an amulet of regeneration (around mantle)
 C - a ring of willpower (on tentacle)
 D - an amulet of guardian spirit
Wands
 t - a wand of paralysis (10)
 B - a wand of acid (16)
 E - a wand of iceblast (7)
Scrolls
 a - 2 scrolls of torment {unknown}
 b - 2 scrolls of teleportation {unknown}
 d - 3 scrolls of immolation
 e - 2 scrolls of magic mapping {unknown}
 f - 11 scrolls of identify {unknown}
 h - 3 scrolls of fog
 i - a scroll of amnesia {unknown}
 j - 2 scrolls of fear {unknown}
 o - 2 scrolls of summoning
 A - a scroll of brand weapon {unknown}
 F - a scroll of enchant armour
 G - a scroll of vulnerability {unknown}
Potions
 c - 2 potions of lignification {unknown}
 l - a potion of flight {unknown}
 m - 4 potions of heal wounds {unknown}
 n - 2 potions of mutation {unknown}
 p - 3 potions of brilliance {unknown}
 r - a potion of degeneration {unknown}
 u - 3 potions of magic {unknown}
 v - 4 potions of invisibility {unknown}
 w - a potion of resistance {unknown}
 x - 2 potions of might {unknown}
 z - 3 potions of curing
 I - a potion of attraction {unknown}


   Skills:
 + Level 4.9 Fighting
 + Level 5.4 Dodging
 + Level 7.6 Stealth
 - Level 0.3 Unarmed Combat
 * Level 8.5 Spellcasting
 + Level 6.4 Conjurations
 + Level 7.2 Fire Magic
 + Level 1.3 Evocations


You had 16 spell levels left.
You knew the following spells:

 Your Spells              Type           Power      Damage    Failure   Level
a - Foxfire               Conj/Fire      92%        2x1d8     1%          1
b - Scorch                Fire           48%        2d7       1%          2
c - Conjure Flame         Conj/Fire      23%        6-21      2%          3
d - Flame Wave            Conj/Fire      23%        2d7       8%          4

Your spell library contained the following spells:

 Spells                   Type           Power      Damage    Failure   Level
 Inner Flame              Hex/Fire       15%        N/A       9%          3
 Summon Small Mammal      Summ           20%        N/A       13%         1
 Blink                    Tloc           10%        N/A       21%         2
 Call Canine Familiar     Summ           5%         N/A       36%         3
 Ozocubu's Armour         Ice            5%         N/A       36%         3
 Summon Guardian Golem    Hex/Summ       5%         N/A       36%         3
 Metabolic Englaciation   Hex/Ice        2%         N/A       98%         5
 Simulacrum               Ice/Necr       2%         N/A       100%        6


Dungeon Overview and Level Annotations

Branches:
Dungeon (9/15)             Temple (1/1) D:6            Lair (0/6) D:9
  Sewer (visited)
    Orc: D:9-12

Altars:
Ashenzari
Cheibriados
Dithmenos
Elyvilon
Fedhas
Gozag
Hepliaklqana
Kikubaaqudgha
Makhleb
Nemelex Xobeh
Okawaru
Qazlal
Ru
Sif Muna
Trog
Uskayaw
Vehumet
Wu Jian
Xom
Zin
The Shining One

Shops:
D:6 (=?

Annotations:
D:9 Harold, Psyche


Innate Abilities, Weirdness & Mutations

You cannot wear most types of armour.
You are amphibious.
You can wear up to eight rings at the same time.
Your skin changes colour to match your surroundings (Stealth+).
Your rubbery body absorbs attacks. (AC +1, EV +1)
((You are camouflaged when in or above water. (Stealth+)))
You have tentacles for arms and can constrict up to eight enemies at once.


Message History

You hear a bellow!
The yak gores you. The yak misses you. The yak closely misses you.
A wave of flame ripples out!
The flame wave engulfs the yak.
The yak is severely wounded.
The flame wave engulfs the yak.
The yak is severely wounded.
The flame wave engulfs the yak!
The yak is almost dead.
You finish channelling waves of flame.
The yak gores you! The yak barely misses you. The yak misses you.
Casting: Flame Wave (dangerous; 8% risk of failure)
Confirm with . or Enter, or press ? or * to list all spells.
You don't have enough magic to cast this spell.
Harold says, "Bounty hunting has been great, but I can't wait to retire."
Harold looks eager to get this over with.
Harold says, "Listen, it's nothing personal.
It's just a job."
There is an open door here.
There is a staircase to the Lair here.
Harold looks eager to get this over with.
Harold fires a harpoon shot at you. The harpoon shot hits you!
You are yanked forward by the harpoon shot.
The yak gores you!
As you read the scroll labelled JUIMNUIXISK, it crumbles to dust.
The creatures around you are filled with an inner flame!
It was a scroll of immolation.
Harold hits you with a +0 flail! The yak closely misses you. x2
As you read the scroll labelled ROCKOI QATE, it crumbles to dust.
The scroll dissolves into smoke.
It was a scroll of fog.
Harold closely misses you. The yak closely misses you. The yak gores you.
As you read the scroll labelled WELEPS WEESK, it crumbles to dust.
Wisps of shadow whirl around you...
It was a scroll of summoning.
Harold hits you with a +0 flail!!
* * * LOW HITPOINT WARNING * * *
The yak closely misses you. The yak barely misses you.
As you read the scroll labelled XOXEPE XERIMISCH, it crumbles to dust.
It is a scroll of enchant armour.
You aren't carrying any armour which can be enchanted further.
Harold hits you with a +0 flail!
You die...

..... #...._#....#####.#........<
.....##8..8##....# #.#.#######.
..............########.#.#.....#.
..........).........#.#.#.....(.
.........)...#####.#.#.####.##.
###.###'##+#.................#.
#..))..#.#######.#...#.###.#.
.#######..#..§cyYg..............
.......).....§@@Y§..#..##.######
.######.>.#.#####§..............
#.#.#.# #....#.##.###### ######
#.#.#.#####....#.##.# .....#
#.#...#...#....#.##.# .....#
#.#...#...#....#....# .....#
#@#..>+...'....'..### .....#
#.#.#.#...#....##.# .....#
#.#.#.#####....##.#


You could see Harold (inner flame, ally target), 2 yaks, a friendly hornet
(summoned), a friendly gnoll sergeant (summoned) and a friendly centaur
(summoned).

Vanquished Creatures
  A two-headed ogre (D:7)
  A manticore (D:7)
  2 yaks (D:9)
  2 wyverns (D:8)
  A steam dragon (D:9)
  An acid dragon (D:9)
  2 water moccasins (D:7)
  2 orc warriors
  An ice beast (D:6)
  2 black bears
  A sky beast (D:8)
  3 ogres
  2 centaurs (D:7)
  3 phantoms
  A lemure (D:4)
  3 kobold brigands
  Blork the orc (D:5)
  A gnoll sergeant (D:8)
  3 bullfrogs
  3 scorpions
  A necrophage (D:5)
  4 wights
  9 killer bees
  2 howler monkeys
  2 hounds
  3 jellies
  Crazy Yiuf (D:2)
  5 orc priests
  Jessica (D:2)
  Natasha (thrice) (D:2)
  3 iguanas (D:5)
  9 orc wizards
  7 gnolls
  An adder (D:6)
  A shadow imp (D:7)
  2 white imps
  2 worms
  4 dart slugs (D:1)
  32 orcs
  12 ball pythons
  9 bats
  5 endoplasms
  7 giant cockroaches
  5 goblins
  3 hobgoblins
  3 quokkas
  2 frilled lizards
  24 kobolds
  12 rats
210 creatures vanquished.

Vanquished Creatures (collateral kills)
  7 foxfires
7 creatures vanquished.

Vanquished Creatures (others)
  581 foxfires
  A plant (D:5)
582 creatures vanquished.

Grand Total: 799 creatures vanquished

Notes
Turn   | Place    | Note
-------+----------+-------------------------------------------
     0 | D:1      | Rennog the Octopode Fire Elementalist began the quest for
                  | the Orb.
     0 | D:1      | Reached XP level 1. HP: 11/11 MP: 3/3
   301 | D:1      | Reached XP level 2. HP: 6/17 MP: 1/5
  1251 | D:1      | Reached XP level 3. HP: 21/21 MP: 6/6
  2036 | D:1      | Learned a level 2 spell: Scorch
  2133 | D:2      | Found a faded altar of an unknown god.
  2237 | D:2      | Noticed Natasha
  2243 | D:2      | Killed Natasha
  2244 | D:2      | Reached skill level 3 in Spellcasting
  2244 | D:2      | Reached XP level 4. HP: 22/27 MP: 2/8
  2295 | D:2      | Noticed Natasha
  2300 | D:2      | Killed Natasha
  2499 | D:2      | Noticed Natasha
  2503 | D:2      | Killed Natasha
  2504 | D:2      | Reached XP level 5. HP: 31/31 MP: 2/10
  2690 | D:2      | Found a stormy altar of Qazlal.
  2762 | D:2      | Noticed Jessica
  2769 | D:2      | Killed Jessica
  2859 | D:2      | Got Jessica's Guide on Dislocation
  2891 | D:2      | Found a runed translucent door.
  2892 | D:2      | Noticed Crazy Yiuf
  3231 | D:2      | Killed Crazy Yiuf
  3652 | D:3      | Found an opulent altar of Gozag.
  4110 | D:3      | Reached skill level 4 in Spellcasting
  4260 | D:3      | Reached XP level 6. HP: 36/36 MP: 7/12
  5003 | D:4      | Learned a level 3 spell: Conjure Flame
  5106 | D:4      | Reached XP level 7. HP: 40/41 MP: 8/14
  5616 | D:4      | Reached skill level 5 in Spellcasting
  5617 | D:4      | Reached skill level 5 in Fire Magic
  5736 | D:5      | Entered Level 5 of the Dungeon
  5775 | D:5      | Found a glowing drain.
  5869 | Sewer    | Entered a sewer
  6477 | Sewer    | Reached skill level 1 in Fighting
  6477 | Sewer    | Reached XP level 8. HP: 48/48 MP: 5/16
  6832 | D:5      | Noticed Blork the orc
  6846 | D:5      | Killed Blork the orc
  6932 | D:5      | Identified the +10 whip of Skirmishing {vorpal, rC+ SInv}
  6936 | D:5      | Reached skill level 6 in Spellcasting
  7674 | D:6      | Found Raalasch's Weapon Shop.
  8075 | D:6      | Reached XP level 9. HP: 55/55 MP: 9/18
  8085 | D:6      | Reached skill level 5 in Stealth
  8292 | D:6      | Found Xarufa's Magic Scroll Shop.
  8404 | D:6      | Found Kocvik's Jewellery Emporium.
  8427 | D:6      | Reached skill level 5 in Conjurations
  8528 | D:6      | Found a staircase to the Ecumenical Temple.
  8545 | Temple   | Entered the Ecumenical Temple
  8686 | Temple   | Became a worshipper of Ashenzari the Shackled
  8705 | D:6      | Reached skill level 7 in Spellcasting
  8881 | D:6      | Learned a level 4 spell: Flame Wave
  9171 | D:7      | Identified the +3 long sword of the Enchanted Forest
                  | {freeze, rC+}
  9706 | D:7      | Noticed a two-headed ogre
  9769 | D:7      | Killed a two-headed ogre
  9830 | D:7      | Noticed a manticore
  9836 | D:7      | Reached XP level 10. HP: 63/63 MP: 16/21
  9919 | D:7      | HP: 1/63 [manticore/volley of spikes (19)]
  9920 | D:7      | Killed a manticore
  9921 | D:7      | Reached skill level 8 in Spellcasting
 10468 | D:8      | Reached skill level 5 in Dodging
 10790 | D:8      | Noticed a deep elf pyromancer
 11214 | D:8      | Found a shimmering blue altar of Sif Muna.
 11837 | D:9      | Noticed Psyche
 11928 | D:9      | Found a sacrificial altar of Ru.
 11928 | D:9      | Found a staircase to the Lair.
 11944 | D:9      | Reached skill level 1 in Evocations
 12308 | D:9      | Noticed Harold
 12419 | D:9      | Mangled by Harold

Illustrated notes

Levels and vault maps discovered:
D:1:      dpeg_arrival_shelter, layout_basic
D:2:      layout_loops_cross, basic_altar, nicolae_ecumenical_snake_handling,
          kennysheep_jessica_study, uniq_natasha, uniq_crazy_yiuf_cottage
D:3:      minmay_recursive_quarters, layout_basic, mainiacjoe_overflow_brackets,
          guppyfry_early_lair_pool
D:4:      layout_basic, uniq_pikel
D:5:      layout_loops_corners, portal_sewer_entry_e, serial_bayou_crossing,
          uniq_blork_the_orc
D:6:      layout_basic, temple_pool_b, serial_shops,
          nicolae_shop_advertising_works [nicolae_subvault_shop_adworks],
          nicolae_shop_crystal, shop
D:7:      minmay_chambers_of_fours, layout_cave_pools, corexii_leaking_fountain
D:8:      layout_loops_cross, kennysheep_orc_sif_temple,
          minmay_shattered_shrine, uniq_gastronok
D:9:      layout_basic, minitemple, lair_entry_dummy, uniq_psyche, uniq_harold
Temple:   regret_index_temple_mists

Skill      XL: |  1  2  3  4  5  6  7  8  9 10 |
---------------+-------------------------------+-----
Spellcasting   | 3 4 5 6 7 8 |  8.5
Conjurations   | 2 3 4 5 6 |  6.4
Fire Magic     | 4 5 6 7 |  7.2
Stealth        | 3 4 6 7 |  7.6
Fighting       | 1 2 4 |  4.9
Dodging        | 3 4 5 |  5.4
Evocations     | 1 |  1.3
Unarmed Combat | |  0.3

Action                   |  1- 3 |  4- 6 |  7- 9 | 10-12 || total
-------------------------+-------+-------+-------+-------++-------
Melee: Unarmed           |    45 |     5 |     5 |       ||    55
       Constrict         |    15 |       |     3 |       ||    18
       Tentacles         |    11 |     1 |     1 |       ||    13
       Punch             |     2 |       |       |       ||     2
       Whip              |       |       |     2 |       ||     2
 Cast: Foxfire           |    61 |    54 |   157 |    72 ||   344
       Scorch            |       |    33 |    97 |    57 ||   187
       Flame Wave        |       |       |       |     6 ||     6
       Conjure Flame     |       |       |       |     1 ||     1
  Use: Scroll            |       |       |       |     4 ||     4
 Stab: Sleeping          |     4 |       |     1 |       ||     5
Armor: Skin              |     7 |     1 |     3 |     2 ||    13
Dodge: Dodged            |    33 |     6 |    27 |    56 ||   122

Table legend: (Time is in decaauts)
 A = Elapsed time spent in this place.
 B = Non-inter-level travel time spent in this place.
 C = Inter-level travel time spent in this place.
 D = Time resting spent in this place.
 E = Time spent auto-exploring this place.
 F = Levels seen in this place.
 G = Mean time per level.
                   A        B        C        D        E       F      G
               +--------+--------+--------+--------+--------+-----+--------+
         Total |  12423 |  11907 |    516 |    684 |   9688 |  11 | 1129.4 |
       Dungeon |  11591 |  11100 |    491 |    684 |   8986 |   9 | 1287.9 |
        Temple |    150 |    125 |     25 |      0 |    110 |   1 |  150.0 |
         Sewer |    681 |    681 |      0 |      0 |    592 |   1 |  681.0 |
               +--------+--------+--------+--------+--------+-----+--------+

Top non-repeatable levels by time:
     D:1: 2088 daAuts
     D:2: 1541 daAuts
     D:5: 1345 daAuts
     D:6: 1316 daAuts
     D:7: 1268 daAuts
     D:3: 1200 daAuts
     D:8: 1036 daAuts
     D:4: 906 daAuts
     D:9: 888 daAuts
   Sewer: 681 daAuts
  Temple: 150 daAuts
